 Dungeon Crawl Stone Soup version 0.31-a0-222-gefeffbb62a (webtiles) character file.

Game seed: 2026194317640646958

27173 bjtr the Geomancer (level 13, -6/87 HPs)
             Began as a Demonspawn Earth Elementalist on July 6, 2023.
             Was a High Priest of Vehumet.
             Mangled by a white ugly thing (11 damage)
             ... in an ice cave.
             The game lasted 01:43:46 (15982 turns).

bjtr the Geomancer (Demonspawn Earth Elementalist) Turns: 15982, Time: 01:43:46

Health: -6/87      AC: 12    Str:  4    XL:     13   Next: 2%
Magic:  25/28      EV: 18    Int: 21    God:    Vehumet [*****.]
Gold:   1057       SH:  8    Dex: 15    Spells: 14/34 levels left

rFire   + + .        a - +6 falchion of Tenacity {elec, rPois rCorr}
rCold   + . .        (no shield)
rNeg    . . .        L - +0 leather armour "Xop Zab" {rElec rF++ rC+ Str-4}
rPois   +            W - +2 hat {SInv}
rElec   +            V - +1 cloak
rCorr   +            (no gloves)
SInv    +            e - +0 pair of boots
Will    .....        A - amulet of the acrobat
Stlth   ++++         n - +5 ring of evasion
HPRegen 0.34/turn    h - +4 ring of protection
MPRegen 0.21/turn

%: acrobat
@: hasted, invisible, very quick
A: antennae 2, large bone plates 3, demonic magic 2
a: Renounce Religion


You were in an ice cave.
You worshipped Vehumet.
Vehumet was extremely pleased with you.
You visited 2 branches of the dungeon, and saw 15 of its levels.
You also visited: Bailey and Ice Cave.

You collected 1161 gold pieces.
You spent 104 gold pieces at shops.

Inventory:

Hand Weapons
 a - the +6 falchion of Tenacity (weapon) {elec, rPois rCorr}
   (You took it off an orc on level 5 of the Dungeon)

   rPois:     It protects you from poison.
   rCorr:     It protects you from acid and corrosion.
 b - a +0 sling
 X - a +4 scimitar of freezing
Missiles
 z - 3 throwing nets
 J - 30 poisoned darts (quivered)
Armour
 e - a +0 pair of boots (worn)
 s - the +0 ring mail "Arghuj" {rElec rPois rN+ Int-3}
   (You found it on level 4 of the Dungeon)

   Int:       It affects your intelligence (-3).
   rElec:     It insulates you from electricity.
   rPois:     It protects you from poison.
   rN:        It protects you from negative energy.
 L - the +0 leather armour "Xop Zab" (worn) {rElec rF++ rC+ Str-4}
   (You found it in a bailey)

   Str:       It affects your strength (-4).
   rF:        It greatly protects you from fire.
   rC:        It protects you from cold.
   rElec:     It insulates you from electricity.
 N - +0 steam dragon scales
 V - a +1 cloak (worn)
 W - a +2 hat of see invisible (worn)
Jewellery
 g - a ring of protection from fire
 h - a +4 ring of protection (right hand)
 j - a ring of magical power
 k - a +5 ring of evasion
 n - a +5 ring of evasion (left hand)
 A - an amulet of the acrobat (around neck)
 F - a ring of protection from fire
Wands
 o - a wand of roots (15)
 K - a wand of digging (6)
 R - a wand of acid (2)
 T - a wand of charming (15)
Scrolls
 i - 5 scrolls of teleportation
 l - 2 scrolls of identify
 p - 3 scrolls of amnesia
 r - a scroll of blinking
 t - a scroll of enchant weapon
 H - 4 scrolls of fear
 O - a scroll of immolation
 S - 3 scrolls of vulnerability
 Z - 2 scrolls of fog
Potions
 c - a potion of resistance
 f - 2 potions of magic
 m - a potion of heal wounds
 q - 2 potions of ambrosia
 u - 2 potions of enlightenment
 w - 4 potions of haste
 B - a potion of cancellation
 C - 4 potions of curing
 G - 7 potions of might
 I - a potion of brilliance


   Skills:
 + Level 3.4 Fighting
 + Level 3.4 Armour
 + Level 5.2 Dodging
 + Level 8.0 Stealth
 + Level 3.8 Shields
 + Level 11.4 Spellcasting
 + Level 2.3 Conjurations
 + Level 2.8 Hexes
 + Level 2.1 Transmutations
 + Level 3.2 Fire Magic
 + Level 1.9 Air Magic
 * Level 12.0 Earth Magic
 + Level 1.7 Poison Magic
 + Level 1.6 Evocations


You had 14 spell levels left.
You knew the following spells:

 Your Spells              Type           Power      Damage    Failure   Level
a - Sandblast             Erth           100%       2d20      1%          1
b - Passwall              Tmut/Erth      34%        N/A       1%          2
c - Stone Arrow           Conj/Erth      84%        3d12      1%          3
d - Petrify               Tmut/Erth      41%        N/A       4%          4
e - Mephitic Cloud        Conj/Pois/Air  20%        N/A       3%          3
f - Scorch                Fire           50%        2d7       1%          2
g - Searing Ray           Conj           44%        2d6       1%          2
h - Inner Flame           Hex/Fire       24%        N/A       2%          3

Your spell library contained the following spells:

 Spells                   Type           Power      Damage    Failure   Level
 Magic Dart               Conj           88%        1d7       1%          1
 Tukima's Dance           Hex            23%        N/A       9%          3
 Call Imp                 Summ           22%        N/A       14%         2
 Yara's Violent Unravell  Hex/Tmut       11%        3d6       24%         5
 Passage of Golubria      Tloc           11%        N/A       67%         4
 Summon Mana Viper        Hex/Summ       17%        N/A       82%         5
 Summon Forest            Summ/Tloc      5%         N/A       95%         5
 Summon Cactus Giant      Summ           5%         N/A       100%        6


Dungeon Overview and Level Annotations

Branches:
Dungeon (14/15)            Temple (1/1) D:4            Lair (0/5) D:11
    Orc (0/2) D:11         Bailey (visited)           IceCv (1/1)
 Vaults: D:13-14

Altars:
Ashenzari
Cheibriados
Dithmenos
Fedhas
Gozag
Hepliaklqana
Kikubaaqudgha
Makhleb
Nemelex Xobeh
Okawaru
Qazlal
Ru
Sif Muna
Trog
Uskayaw
Vehumet
Wu Jian
Xom
Yredelemnul

Shops:
D:2 [   D:3 !   D:5 *   D:6 !:([   D:8 *   D:9 *(


Innate Abilities, Weirdness & Mutations

You have a pair of antennae on your head.
You are completely covered in large bone plates. (SH +8)
Spells you cast may paralyse nearby enemies.


Message History

The blast of sand hits the rime drake!!
Flame seeps out of the rime drake.
The rime drake is severely wounded.
Malevolent energies surge around you.
The rime drake is engulfed in blazing flames.
Vehumet accepts your kill.
You feel your power returning.
The rime drake explodes!
The fiery explosion engulfs the ironbound frostheart!!!
The ironbound frostheart is severely wounded.
The fiery explosion engulfs the polar bear!!
Flame seeps out of the polar bear.
The polar bear is almost dead.
The ironbound frostheart is engulfed in blazing flames.
Unknown command.
Unknown command.
Unknown command.
Casting: Sandblast (safe; 1% risk of failure)
Confirm with . or Enter, or press ? or * to list all spells.
Aiming: Inner Flame (mildly dangerous; 2% risk of failure)
Press: ? - help, Dir - move target, f - ironbound frostheart
Aim: an ironbound frostheart, wearing a +0 scale mail (flame, almost dead, paralysed, chance to affect: 64%)
The ironbound frostheart is filled with an inner flame.
Malevolent energies surge around you.
The polar bear is no longer paralysed.
The white ugly thing is no longer paralysed.
The ironbound frostheart is engulfed in blazing flames.
Vehumet accepts your kill.
You feel your power returning.
The ironbound frostheart explodes!
The fiery explosion engulfs you! You resist.
* * * LOW HITPOINT WARNING * * *
The fiery explosion engulfs the white ugly thing!
The white ugly thing is moderately wounded.
The fiery explosion engulfs the polar bear!!
Vehumet accepts your kill.
The polar bear explodes!
The white ugly thing is engulfed in blazing flames.
The white ugly thing headbutts you!
* * * LOW HITPOINT WARNING * * *
The white ugly thing freezes you! You resist.
You die...

#####
##...##
##..∩.§##
#....@§○#
#...∩u§§#
##...§§##
##..†##
#..u#
##...
#...#
...##
...##


You could see 2 ugly things.

Vanquished Creatures
  Gastronok (D:10)
  Harold (D:11)
  An ice dragon (IceCv)
  A catoblepas (D:13)
  An ironbound frostheart (IceCv)
  A centaur warrior (D:13)
  2 boulder beetles
  2 two-headed ogres
  A tengu warrior (D:13)
  Lodul (D:13)
  A harpy (shapeshifter) (D:14)
  A deep elf pyromancer (Bailey)
  2 orc knights
  Pikel (D:7)
  13 ugly things
  4 cyclopes
  3 manticores (D:13)
  A gargoyle (D:11)
  2 rime drakes (IceCv)
  2 unseen horrors
  4 trolls
  3 polar bears (IceCv)
  A slime creature (D:12)
  4 shadows
  3 wraiths
  Sigmund (D:3)
  A basilisk (D:10)
  9 yaks
  A wyvern (D:10)
  2 steam dragons
  4 vampire mosquitoes (D:12)
  2 water moccasins
  An acid dragon (D:10)
  7 orc warriors
  11 ogres
  2 centaurs
  3 kobold brigands
  A phantom (D:7)
  3 scorpions
  5 bullfrogs
  5 wights (D:9)
  3 howler monkeys
  3 hounds
  3 jellies
  7 orc priests
  2 sleepcaps
  4 iguanas
  4 orc wizards
  Terence (D:3)
  7 gnolls
  13 adders
  2 shadow imps (D:7)
  A worm (D:2)
  A dart slug (D:3)
  59 orcs
  6 endoplasms
  2 giant cockroaches (D:3)
  8 goblins
  4 hobgoblins
  7 jackals
  4 quokkas (D:4)
  13 ball pythons
  3 bats
  3 frilled lizards
  13 kobolds
  23 rats
311 creatures vanquished.

Notes
Turn   | Place    | Note
-------+----------+-------------------------------------------
     0 | D:1      | bjtr the Demonspawn Earth Elementalist began the quest for
                  | the Orb.
     0 | D:1      | Reached XP level 1. HP: 13/13 MP: 3/3
   925 | D:2      | Found Poimn's Armour Emporium.
   951 | D:2      | Reached skill level 3 in Earth Magic
   951 | D:2      | Gained mutation: You are partially covered in large bone
                  | plates. (SH +4) [demonic ancestry]
   951 | D:2      | Reached XP level 2. HP: 19/19 MP: 0/5
  1088 | D:2      | Gained mutation: You are mostly covered in large bone
                  | plates. (SH +6) [demonic ancestry]
  1088 | D:2      | Reached XP level 3. HP: 24/24 MP: 4/6
  1212 | D:2      | Learned a level 2 spell: Passwall
  1216 | D:2      | Learned a level 3 spell: Stone Arrow
  1363 | D:2      | Found an ancient bone altar of Kikubaaqudgha.
  1949 | D:3      | Noticed Terence
  1957 | D:3      | Reached skill level 1 in Armour
  1970 | D:3      | Killed Terence
  1971 | D:3      | Reached skill level 4 in Earth Magic
  1971 | D:3      | Reached XP level 4. HP: 10/30 MP: 1/7
  2268 | D:3      | Noticed Sigmund
  2285 | D:3      | Killed Sigmund
  2286 | D:3      | Reached skill level 5 in Earth Magic
  2286 | D:3      | Gained mutation: You are completely covered in large bone
                  | plates. (SH +8) [demonic ancestry]
  2286 | D:3      | Reached XP level 5. HP: 24/35 MP: 4/10
  2286 | D:3      | Reached XP level 6. HP: 29/41 MP: 4/11
  2401 | D:3      | Found Cafun's Distillery.
  2830 | D:3      | Found an iron altar of Okawaru.
  2830 | D:3      | Found a sparkling altar of Nemelex Xobeh.
  2831 | D:3      | Found a hide-covered altar of Uskayaw.
  3269 | D:4      | Found a radiant altar of Vehumet.
  3306 | D:4      | Became a worshipper of Vehumet
  3379 | D:4      | Learned a level 4 spell: Petrify
  3505 | D:4      | You fall into a shaft and drop 1 floor!
  3505 | D:5      | Entered Level 5 of the Dungeon
  3575 | D:5      | Gained mutation: Spells you cast may paralyse adjacent
                  | enemies. [demonic ancestry]
  3575 | D:5      | Reached XP level 7. HP: 46/46 MP: 10/13
  3655 | D:5      | Identified the +6 falchion of Tenacity {elec, rPois rCorr}
  3851 | D:5      | Reached skill level 6 in Earth Magic
  4144 | D:5      | Learned a level 3 spell: Mephitic Cloud
  4217 | D:5      | Found Eqogia's CLEARANCE SALE!.
  4235 | D:5      | Bought a potion of brilliance for 16 gold pieces
  4235 | D:5      | Bought a potion of might for 16 gold pieces
  4311 | D:6      | Reached skill level 5 in Spellcasting
  4385 | D:6      | Found Urphurat's Distillery.
  4441 | D:6      | Reached XP level 8. HP: 52/52 MP: 11/16
  4449 | D:6      | Bought a potion of heal wounds for 60 gold pieces
  4449 | D:6      | Bought a potion of degeneration for 12 gold pieces
  4688 | D:6      | Found a basalt altar of Yredelemnul.
  4695 | D:6      | Reached * piety under Vehumet
  4695 | D:6      | Offered knowledge of Shock by Vehumet.
  4931 | D:6      | Reached skill level 7 in Earth Magic
  4971 | D:6      | Found Efufesebb's Weapon Shoppe.
  4973 | D:6      | Found Radut's Book Shoppe.
  4973 | D:6      | Found Tajip's Armour Shoppe.
  5770 | D:7      | Reached skill level 1 in Fighting
  5838 | D:7      | Noticed Pikel
  5923 | D:7      | Killed Pikel
  5924 | D:7      | Reached skill level 1 in Shields
  5924 | D:7      | Reached XP level 9. HP: 58/59 MP: 13/19
  6250 | D:7      | Found a sacrificial altar of Ru.
  6576 | D:8      | Reached skill level 8 in Earth Magic
  6584 | D:8      | Reached ** piety under Vehumet
  6584 | D:8      | Offered knowledge of Scorch by Vehumet.
  6600 | D:8      | Learned a level 2 spell: Scorch
  6687 | D:8      | Found Ojozoy's Changing Room.
  7243 | D:9      | Found a flagged portal.
  7266 | Bailey   | Entered a bailey
  7293 | Bailey   | Reached skill level 1 in Fire Magic
  7364 | Bailey   | Found a large runed translucent door.
  7364 | Bailey   | Found a large runed translucent door.
  7367 | Bailey   | Noticed an orc knight
  7399 | Bailey   | Killed an orc knight
  7407 | Bailey   | Gained mutation: You have a pair of small antennae on your
                  | head. [demonic ancestry]
  7407 | Bailey   | Reached XP level 10. HP: 55/67 MP: 16/22
  7479 | Bailey   | Noticed a deep elf pyromancer
  7518 | Bailey   | Killed a deep elf pyromancer
  7542 | Bailey   | Identified the +0 leather armour "Xop Zab" {rElec rF++ rC+
                  | Str-4}
  7676 | D:9      | Found Zin's Purification Station.
  7809 | D:9      | Offered knowledge of Searing Ray by Vehumet.
  7816 | D:9      | Learned a level 2 spell: Searing Ray
  7869 | D:9      | Reached skill level 9 in Earth Magic
  8252 | D:9      | Found Duateas's Weapon Emporium.
  8427 | D:10     | Entered Level 10 of the Dungeon
  8435 | D:10     | Found a snail-covered altar of Cheibriados.
  8566 | D:10     | Noticed a two-headed ogre
  8576 | D:10     | Killed a two-headed ogre
  8647 | D:10     | Reached skill level 5 in Stealth
  8900 | D:10     | Found a blossoming altar of Fedhas.
  9186 | D:10     | Found a shadowy altar of Dithmenos.
  9188 | D:10     | Noticed Gastronok
  9232 | D:10     | Killed Gastronok
  9233 | D:10     | Reached skill level 1 in Transmutations
  9233 | D:10     | Reached skill level 10 in Earth Magic
  9233 | D:10     | Reached XP level 11. HP: 60/73 MP: 11/24
  9349 | D:10     | Reached *** piety under Vehumet
  9714 | D:11     | Found a staircase to the Lair.
  9784 | D:11     | Found a staircase to the Orcish Mines.
  9793 | D:11     | Noticed an orc knight
 10188 | D:11     | Noticed Harold
 10212 | D:11     | Killed Harold
 10238 | D:11     | Killed an orc knight
 10238 | D:11     | Offered knowledge of Frozen Ramparts by Vehumet.
 10244 | D:11     | Reached skill level 1 in Conjurations
 10584 | D:11     | Reached skill level 10 in Spellcasting
 10667 | D:11     | Noticed a boulder beetle
 10692 | D:11     | Killed a boulder beetle
 11225 | D:12     | Reached skill level 1 in Air Magic
 11340 | D:12     | Noticed a boulder beetle
 11382 | D:12     | Killed a boulder beetle
 11383 | D:12     | Reached skill level 11 in Earth Magic
 12411 | D:4      | Reached **** piety under Vehumet
 12616 | D:4      | Identified the +0 ring mail "Arghuj" {rElec rPois rN+
                  | Int-3}
 12673 | D:4      | Offered knowledge of Inner Flame by Vehumet.
 12678 | D:4      | Learned a level 3 spell: Inner Flame
 13093 | D:4      | Found a staircase to the Ecumenical Temple.
 13328 | Temple   | Entered the Ecumenical Temple
 13666 | D:13     | Gained mutation: Spells you cast may paralyse nearby
                  | enemies. [demonic ancestry]
 13666 | D:13     | Reached XP level 12. HP: 81/81 MP: 3/26
 13998 | D:13     | Noticed a two-headed ogre
 14017 | D:13     | Killed a two-headed ogre
 14170 | D:13     | Noticed a catoblepas
 14221 | D:13     | Killed a catoblepas
 14222 | D:13     | Reached skill level 5 in Dodging
 14222 | D:13     | Reached skill level 1 in Poison Magic
 14463 | D:13     | Noticed Lodul
 14471 | D:13     | HP: 4/81 [spore (13)]
 14471 | D:13     | Killed Lodul
 14788 | D:13     | Noticed a tengu warrior
 14982 | D:13     | Killed a tengu warrior
 15334 | D:13     | Noticed a centaur warrior
 15342 | D:13     | Killed a centaur warrior
 15343 | D:13     | Reached skill level 1 in Hexes
 15857 | D:14     | Reached skill level 1 in Evocations
 15865 | D:14     | Found a frozen archway.
 15925 | IceCv    | Entered an ice cave
 15930 | IceCv    | Reached ***** piety under Vehumet
 15931 | IceCv    | Reached skill level 12 in Earth Magic
 15944 | IceCv    | Noticed an ice dragon
 15955 | IceCv    | Killed an ice dragon
 15956 | IceCv    | Gained mutation: You have a pair of antennae on your head.
                  | [demonic ancestry]
 15956 | IceCv    | Reached XP level 13. HP: 28/87 MP: 13/28
 15982 | IceCv    | Mangled by a white ugly thing

Illustrated notes

Levels and vault maps discovered:
D:1:      dpeg_arrival_simpleton_a, layout_basic, kennysheep_pointless_box,
          chequers_serial_rivers_room_a, roderic_lattice_a, minivault_23
D:2:      layout_loops_ring, serial_shops, shop, basic_altar, minivault_5,
          serial_bayou_pond_b, kennysheep_crisscross
D:3:      layout_loops_ring, gammafunk_temple_overflow_claw, serial_shops,
          nicolae_shop_industrial_runoff, minmay_misc_feat_ornament,
          uniq_sigmund, uniq_terence
D:4:      layout_loops_corners, mainiacjoe_overflow_alcove_4,
          minmay_temple_entry_nine_rooms, minmay_rat_hole
D:5:      layout_basic, nicolae_shop_clearance
D:6:      layout_basic, lemuel_crystal_altar, serial_shops, nicolae_square_shop,
          nicolae_shop_distant_corner_stores
D:7:      layout_gridville, nicolae_overflow_crystal_walls, minmay_starry_boxes,
          uniq_pikel
D:8:      layout_loops_ring, minmay_misc_feat_tower, serial_bayou_pond_b,
          grunt_decor_resistance, nicolae_transmutations_shop
D:9:      layout_basic, zin_purify, serial_shops, nicolae_square_shop,
          enter_bailey_3
D:10:     layout_basic, nicolae_dithmenos_through_a_glass_darkly,
          mainiacjoe_overflow_tiny_flanked, mainiacjoe_overflow_brackets,
          uniq_gastronok
D:11:     layout_basic, lair_entry_dummy, david_orc_5,
          chequers_decorated_corner, uniq_harold
D:12:     layout_irregular_city, corexii_hall_statues_i, minmay_between
D:13:     layout_loops_cross, uniq_lodul
D:14:     layout_loops_ring, hangedman_vaults_entry_quadrant_bands,
          portal_ice_cave_entry_ugly_swarm, infiniplex_staircase_zigzag_5,
          nicolae_trove_entry_isolated, serial_shops, shop, kennysheep_diamond,
          amcnicky_mini_pool_small, lemuel_zombie_altar_yredelemnul
Temple:   nicolae_temple_no_exploring_needed
IceCv:    ice_cave_small_giant

Skill      XL: |  1  2  3  4  5  6  7  8  9 10 11 12 |
---------------+-------------------------------------+-----
Earth Magic    | 3 4 5 6 7 8 10 11 12 | 12.0
Stealth        | 2 3 4 6 7 8 |  8.0
Armour         | 1 2 3 |  3.4
Spellcasting   | 3 4 5 7 8 9 10 11 | 11.4
Dodging        | 2 3 4 5 |  5.2
Fighting       | 1 2 3 |  3.4
Shields        | 1 2 3 |  3.8
Fire Magic     | 1 3 |  3.2
Transmutations | 1 2 |  2.1
Conjurations   | 1 2 |  2.3
Air Magic      | 1 |  1.9
Poison Magic   | 1 |  1.7
Hexes          | 2 |  2.8
Evocations     | 1 |  1.6

Action                     |  1- 3 |  4- 6 |  7- 9 | 10-12 | 13-15 || total
---------------------------+-------+-------+-------+-------+-------++-------
  Melee: Spear             |    14 |       |       |       |       ||    14
         Short sword       |       |    40 |     7 |       |       ||    47
         Falchion          |       |       |   154 |   285 |       ||   439
         Punch             |       |       |       |     1 |       ||     1
  Throw: Dart              |       |       |       |    16 |       ||    16
   Cast: Sandblast         |    41 |    36 |   111 |    92 |     1 ||   281
         Passwall          |       |       |     3 |     4 |       ||     7
         Scorch            |       |       |     3 |    11 |       ||    14
         Mephitic Cloud    |       |       |     1 |    23 |       ||    24
         Petrify           |       |       |       |    29 |       ||    29
         Searing Ray       |       |       |       |    24 |       ||    24
         Inner Flame       |       |       |       |    29 |     5 ||    34
         Stone Arrow       |       |       |       |     7 |       ||     7
  Evoke: Wand              |     3 |     2 |       |     8 |       ||    13
    Use: Scroll            |       |    12 |     7 |    11 |       ||    30
         Potion            |       |       |     1 |     8 |     2 ||    11
   Stab: Sleeping          |       |     2 |     4 |     3 |       ||     9
         Paralysed         |       |       |    15 |    17 |       ||    32
         Petrified         |       |       |       |    56 |       ||    56
         Petrifying        |       |       |       |     5 |       ||     5
         Confused          |       |       |       |     3 |       ||     3
 Armour: Leather armour    |     5 |     2 |     8 |    30 |       ||    45
         Steam dragon scal |       |       |    19 |       |       ||    19
  Dodge: Dodged            |    30 |    34 |   212 |   242 |     8 ||   526
  Block: Other             |     4 |     8 |   101 |   117 |       ||   230

Table legend: (Time is in decaauts)
 A = Elapsed time spent in this place.
 B = Non-inter-level travel time spent in this place.
 C = Inter-level travel time spent in this place.
 D = Time resting spent in this place.
 E = Time spent auto-exploring this place.
 F = Levels seen in this place.
 G = Mean time per level.
                   A        B        C        D        E       F      G
               +--------+--------+--------+--------+--------+-----+--------+
         Total |  16254 |  15104 |   1150 |   2780 |   8903 |  17 |  956.1 |
       Dungeon |  15859 |  14710 |   1149 |   2765 |   8801 |  14 | 1132.8 |
        Temple |      9 |      8 |      1 |      0 |      0 |   1 |    9.0 |
        Bailey |    339 |    339 |      0 |      0 |    102 |   1 |  339.0 |
      Ice Cave |     46 |     46 |      0 |     14 |      0 |   1 |   46.0 |
               +--------+--------+--------+--------+--------+-----+--------+

Top non-repeatable levels by time:
    D:13: 2094 daAuts
    D:11: 1517 daAuts
    D:10: 1359 daAuts
     D:4: 1326 daAuts
     D:3: 1287 daAuts
     D:7: 1113 daAuts
    D:12: 1069 daAuts
     D:2: 1060 daAuts
     D:6: 1043 daAuts
     D:5: 1015 daAuts
     D:9: 977 daAuts
     D:1: 901 daAuts
     D:8: 737 daAuts
    D:14: 356 daAuts
  Bailey: 339 daAuts
